 Dungeon Crawl Stone Soup version 0.29.1-1-gd02db6906a (webtiles) character file.

Game seed: 13993664616313467868

52145 LabCoat the Severer (level 14, -3/189 HPs)
             Began as a Hill Orc Fighter on Sept 18, 2022.
             Was a High Priest of Trog.
             Slain by Rupert
             ... wielding a +1 great sword of electrocution
              (10 damage)
             ... on level 1 of the Orcish Mines.
             The game lasted 01:10:48 (23041 turns).

LabCoat the Severer (Hill Orc Fighter)             Turns: 23041, Time: 01:10:49

Health: -3/189     AC: 22    Str: 24    XL:     14   Next: 62%
Magic:  14/14      EV:  6    Int:  8    God:    Trog [*****.]
Gold:   1798       SH: 20    Dex: 10    Spells: 13/13 levels left

rFire   + + .      SeeInvis .   O - +1 war axe (elec)
rCold   . . .      Faith    .   L - +0 tower shield
rNeg    . . .      Spirit   .   J - +3 chain mail {rF+}
rPois   +          Reflect  +   C - +1 helmet
rElec   .          Harm     .   c - +0 cloak
rCorr   .          Rampage  .   Z - +0 pair of gloves
Will    +....                   y - +0 pair of boots
Stlth   ..........              i - amulet of reflection
HPRegen 0.41/turn               u - ring of poison resistance
MPRegen 0.14/turn               A - ring of protection from fire

@: berserking (expiring), very quick
A: no striking features
a: Renounce Religion, Berserk, Trog's Hand, Brothers in Arms


You were on level 1 of the Orcish Mines.
You worshipped Trog.
Trog was extremely pleased with you.
You visited 4 branches of the dungeon, and saw 19 of its levels.
You also visited: Bailey.

You collected 1798 gold pieces.

Inventory:

Hand Weapons
 G - a +0 morningstar
 H - a +3 war axe
 O - a +1 war axe of electrocution (weapon)
Missiles
 n - 4 silver javelins
 x - 27 poisoned darts
 B - 5 curare-tipped darts
 P - 3 boomerangs (quivered)
Armour
 c - a +0 cloak (worn)
 r - a +0 plate armour
 y - a +0 pair of boots (worn)
 C - a +1 helmet (worn)
 J - a +3 chain mail of fire resistance (worn)
 L - a +0 tower shield (worn)
 U - a scarf of resistance
 Z - a +0 pair of gloves (worn)
Jewellery
 g - a ring of protection from fire
 i - an amulet of reflection (around neck)
 j - an amulet of faith
 o - the necklace of Bloodlust {*Rage Will++ Int-3 Slay+6}
   (You found it on level 3 of the Lair of Beasts)

   [amulet of nothing]

   It extends the wearer's berserk rage when killing foes.
   Int:       It affects your intelligence (-3).
   Slay:      It affects your accuracy & damage with ranged weapons and melee
   (+6).
   *Rage:     It berserks you when you make melee attacks (+50% chance).
   Will:      It greatly increases your willpower.
 u - a ring of poison resistance (left hand)
 z - a ring of see invisible
 A - a ring of protection from fire (right hand)
 E - a ring of positive energy
 M - a ring of flight
 V - a ring of ice
Wands
 a - a wand of flame (17)
 q - a wand of paralysis (33)
 N - a wand of polymorph (3)
 Y - a wand of acid (1)
Scrolls
 b - a scroll of magic mapping {unknown}
 f - 12 scrolls of teleportation
 k - 4 scrolls of fear
 s - 3 scrolls of immolation
 w - 2 scrolls of amnesia
 D - a scroll of identify
 Q - a scroll of summoning {unknown}
 R - a scroll of enchant weapon
 T - a scroll of blinking {unknown}
Potions
 d - 4 potions of lignification
 e - 4 potions of brilliance
 h - a potion of resistance
 l - 6 potions of magic
 m - 2 potions of invisibility
 t - 3 potions of curing
 v - a potion of haste
 F - a potion of ambrosia
 I - 2 potions of cancellation
 K - 2 potions of flight
 S - a potion of berserk rage {unknown}
 W - a potion of might
Miscellaneous
 p - a lightning rod (4/4)
 X - a phial of floods


   Skills:
 + Level 12.2 Fighting
 * Level 17.4 Axes
 + Level 8.9 Throwing
 + Level 11.1 Armour
 + Level 11.1 Shields
 + Level 9.7 Evocations


You had 13 spell levels left.
You didn't know any spells.
Your spell library contained the following spells:

 Spells                   Type           Power      Damage    Failure   Level
 Shock                    Conj/Air       0%         1d3       100%        1
 Static Discharge         Conj/Air       0%         3-3/arc   100%        2
 Frozen Ramparts          Ice            0%         1d1       100%        3
 Gell's Gravitas          Tloc           0%         N/A       100%        3
 Swiftness                Air            0%         N/A       100%        3
 Teleport Other           Tloc           0%         N/A       100%        3
 Airstrike                Air            0%         2d(0-16)  100%        4
 Ice Form                 Ice/Tmut       0%         N/A       100%        4
 Summon Ice Beast         Ice/Summ       0%         N/A       100%        4
 Summon Lightning Spire   Summ/Air       0%         N/A       100%        4
 Lightning Bolt           Conj/Air       0%         1d11      100%        5
 Dispersal                Tloc           0%         N/A       100%        6
 Malign Gateway           Summ/Tloc      0%         N/A       100%        7
 Summon Horrible Things   Summ           0%         N/A       100%        8


Dungeon Overview and Level Annotations

Branches:
Dungeon (11/15)            Temple (1/1) D:5            Lair (5/5) D:11
 Shoals (0/4) Lair:3       Spider (0/4) Lair:2        Slime (0/5) Lair:4
    Orc (2/2) D:11         Bailey (visited)
    Elf: Orc:2

Altars:
Ashenzari
Cheibriados
Dithmenos
Elyvilon
Fedhas
Gozag
Hepliaklqana
Kikubaaqudgha
Makhleb
Nemelex Xobeh
Okawaru
Qazlal
Ru
Sif Muna
Trog
Uskayaw
Vehumet
Wu Jian
Xom
Yredelemnul
Zin
The Shining One

Shops:
D:11 (   Orc:1 !

Annotations:
D:5 1 runed translucent door
Orc:1 4 transporters, Rupert


Message History

You climb upwards.
Level annotation: 4 transporters
There is a stone staircase leading down here.
A red film seems to cover your vision as you go berserk!
You feel yourself moving faster!
You feel mighty! Rupert hits you but does no damage.
You are electrocuted!
Rupert hits you with a +1 great sword of electrocution!
You slash Rupert! Lightning courses through Rupert!
Rupert is moderately wounded.
You block Rupert's attack.
You slash Rupert!
Rupert is heavily wounded.
You block Rupert's attack.
You barely miss Rupert.
Rupert is heavily wounded.
Rupert hits you but does no damage.
You are electrocuted!
You slice Rupert!! Lightning courses through Rupert!!
Rupert is severely wounded.
Rupert hits you with a +1 great sword of electrocution!!
* * * LOW HITPOINT WARNING * * *
You slice Rupert!!
Rupert is severely wounded.
Rupert barely misses you.
You slash Rupert!
Rupert is almost dead.
Rupert hits you but does no damage.
You are electrocuted!!
* * * LOW HITPOINT WARNING * * *
You slash Rupert!
Rupert is almost dead.
Rupert hits you with a +1 great sword of electrocution!
* * * LOW HITPOINT WARNING * * *
You are electrocuted!
* * * LOW HITPOINT WARNING * * *
You slash Rupert!
Rupert is almost dead.
You block Rupert's attack.
You barely miss Rupert.
Rupert is almost dead.
Rupert hits you with a +1 great sword of electrocution!
You die...

... ##..## #######)#.. ### #.#
##...###.#...)).#.
##.###.#####..............#..
##...#...#.#...#..........#.#.
#.............................
##............................
##.#.))........................
##........#.........#..........#
##.#.#)........@@....#...........
#...#.......................#....
##.).#..##.......................
...).....#...............##......
..........#....#........###...#.#
.#.#......##...#........##.#.####
#...#.......#.##.................
##.###..#....##.....######88#####
### #...##...##...###.o.####...#


You could see Rupert (berserk, corroded).

Vanquished Creatures
  A fire dragon (Lair:5)
  5 hydras
  A boulder beetle (D:11)
  Erica (D:8)
  A catoblepas (Lair:3)
  A two-headed ogre (Bailey)
  7 death yaks
  A swamp dragon (Lair:5)
  An orc knight (Orc:1)
  A lindwurm (Lair:4)
  An orc sorcerer (Orc:1)
  A wolf spider (Lair:5)
  A merfolk siren (Lair:3)
  A guardian serpent (Lair:5)
  A gargoyle (D:11)
  A torpor snail (Lair:5)
  7 black mambas
  6 rime drakes
  A kobold demonologist (D:11)
  14 cane toads
  An unseen horror (D:11)
  4 komodo dragons
  A polar bear (Lair:2)
  6 trolls
  A merfolk (Lair:3)
  4 hornets
  19 blink frogs
  15 dream sheep
  A shadow (D:9)
  40 yaks
  5 spriggans (Bailey)
  8 wyverns (Lair:5)
  A wraith (D:11)
  4 steam dragons
  2 humans (D:7)
  2 redbacks
  3 vampire mosquitoes (D:11)
  3 basilisks
  2 chaos spawn (D:7)
  A warg (Orc:1)
  An acid dragon (D:11)
  Duvessa (D:6)
  23 water moccasins
  3 swamp drakes (Lair:5)
  10 orc warriors
  2 sky beasts
  3 ice beasts
  9 ogres
  13 wolves
  4 centaurs
  A phantom (D:6)
  7 kobold brigands
  3 necrophages
  10 bullfrogs
  A gnoll sergeant (D:9)
  4 scorpions
  4 wights (D:8)
  Dowan (D:6)
  10 killer bees
  9 electric eels
  4 howler monkeys
  3 lava snakes (Lair:3)
  8 hounds
  2 jellies
  10 orc priests
  Crazy Yiuf (D:2)
  Jessica (D:2)
  8 iguanas
  10 orc wizards
  8 gnolls
  12 adders
  A shadow imp (D:6)
  3 white imps
  An ufetubus (D:7)
  4 dart slugs
  49 orcs
  5 ball pythons
  5 endoplasms
  2 giant cockroaches
  4 goblins
  6 hobgoblins
  6 jackals
  5 quokkas
  4 bats
  A frilled lizard (D:2)
  A goblin skeleton (D:5)
  A jackal zombie (D:5)
  24 kobolds
  14 rats
499 creatures vanquished.

Vanquished Creatures (others)
  An orc wizard (D:7)
  24 fungi
  56 plants
81 creatures vanquished.

Grand Total: 580 creatures vanquished

Notes
Turn   | Place    | Note
-------+----------+-------------------------------------------
     0 | D:1      | LabCoat the Hill Orc Fighter began the quest for the Orb.
     0 | D:1      | Reached XP level 1. HP: 19/19 MP: 1/1
   113 | D:1      | Reached skill level 3 in Axes
   118 | D:1      | Reached XP level 2. HP: 22/27 MP: 2/2
   578 | D:1      | Found a faded altar of an unknown god.
   780 | D:1      | Reached XP level 3. HP: 33/33 MP: 3/3
  1188 | D:2      | Reached skill level 1 in Evocations
  1542 | D:2      | Reached XP level 4. HP: 40/40 MP: 4/4
  1566 | D:2      | Noticed Jessica
  1572 | D:2      | Killed Jessica
  1573 | D:2      | Reached skill level 4 in Axes
  1573 | D:2      | Reached skill level 1 in Throwing
  1709 | D:2      | Found a runed translucent door.
  1710 | D:2      | Noticed Crazy Yiuf
  1720 | D:2      | Killed Crazy Yiuf
  1721 | D:2      | Reached XP level 5. HP: 22/46 MP: 5/5
  2767 | D:4      | Reached XP level 6. HP: 51/53 MP: 6/6
  2943 | D:4      | Found a hide-covered altar of Uskayaw.
  2991 | D:4      | Reached skill level 5 in Axes
  3446 | D:5      | Entered Level 5 of the Dungeon
  3462 | D:5      | Reached XP level 7. HP: 60/60 MP: 7/7
  3466 | D:5      | Reached skill level 5 in Fighting
  3508 | D:5      | Found a runed translucent door.
  3508 | D:5      | Noticed a human
  3510 | D:5      | Found a basalt altar of Yredelemnul.
  3543 | D:5      | Found a sacrificial altar of Ru.
  3566 | D:5      | Found a staircase to the Ecumenical Temple.
  3573 | Temple   | Entered the Ecumenical Temple
  3584 | Temple   | Became a worshipper of Trog the Wrathful
  3640 | D:5      | Reached skill level 6 in Axes
  3899 | D:5      | Found a stormy altar of Qazlal.
  3920 | D:5      | Got Atonydgh's Tractate on the Wind
  3993 | D:5      | Found a shadowy altar of Dithmenos.
  4148 | D:5      | Found a shimmering altar of Xom.
  4330 | D:6      | Noticed a hornet
  4351 | D:6      | Killed a hornet
  4352 | D:6      | Reached skill level 5 in Shields
  4352 | D:6      | Reached XP level 8. HP: 20/69 MP: 8/8
  4629 | D:6      | Reached skill level 7 in Axes
  4717 | D:6      | Reached skill level 5 in Armour
  5285 | D:6      | Reached skill level 8 in Axes
  5342 | D:6      | Reached XP level 9. HP: 70/75 MP: 9/9
  5423 | D:6      | Reached * piety under Trog
  5668 | D:7      | Noticed Dowan
  5668 | D:7      | Noticed Duvessa
  5688 | D:6      | Killed Dowan
  5693 | D:6      | Killed Duvessa
  6005 | D:7      | Found an iron altar of Okawaru.
  6093 | D:7      | Reached skill level 9 in Axes
  6126 | D:7      | Found a flagged portal.
  6135 | Bailey   | Entered a bailey
  6862 | Bailey   | Noticed a two-headed ogre
  6867 | Bailey   | Killed a two-headed ogre
  6868 | Bailey   | Reached skill level 10 in Axes
  6868 | Bailey   | Reached skill level 5 in Evocations
  6868 | Bailey   | Reached XP level 10. HP: 81/86 MP: 10/10
  7196 | D:7      | Reached skill level 5 in Throwing
  7882 | D:7      | Reached skill level 11 in Axes
  7888 | D:7      | Reached ** piety under Trog
  8096 | D:8      | Found the +7 mace of Variability {chain chaos}
  8096 | D:8      | Found a shimmering altar of Xom.
  8099 | D:8      | Noticed Erica
  8454 | D:8      | Killed Erica
  8641 | D:8      | Reached XP level 11. HP: 79/95 MP: 11/11
  9248 | D:8      | Reached skill level 12 in Axes
 10679 | D:9      | Found a burning altar of Makhleb.
 10755 | D:9      | Reached *** piety under Trog
 10986 | D:9      | Found a hazy altar of Hepliaklqana.
 11239 | D:10     | Entered Level 10 of the Dungeon
 11901 | D:10     | Reached skill level 13 in Axes
 12341 | D:11     | Found a staircase to the Orcish Mines.
 12341 | D:11     | Found Seesoeh's Weapon Shop.
 12455 | D:11     | Found a staircase to the Lair.
 12709 | D:11     | Reached XP level 12. HP: 49/105 MP: 12/12
 13062 | D:11     | Reached **** piety under Trog
 13113 | D:11     | Noticed a boulder beetle
 13124 | D:11     | Killed a boulder beetle
 13135 | D:11     | Noticed a soul eater
 13765 | Lair:1   | Entered Level 1 of the Lair of Beasts
 13923 | Lair:1   | Noticed a six-headed hydra
 13934 | Lair:1   | Killed a six-headed hydra
 13935 | Lair:1   | Reached skill level 10 in Fighting
 14045 | Lair:1   | Noticed a five-headed hydra
 14059 | Lair:1   | Killed a five-headed hydra
 14060 | Lair:1   | Reached skill level 14 in Axes
 14839 | Lair:2   | Found a hole to the Spider Nest.
 15152 | Lair:2   | Noticed an eight-headed hydra
 15169 | Lair:2   | HP: 7/159 [eight-headed hydra (2)]
 15169 | Lair:2   | HP: 1/159 [eight-headed hydra (6)]
 15171 | Lair:2   | Killed an eight-headed hydra
 15738 | Lair:3   | Noticed a death yak
 15738 | Lair:3   | Noticed a death yak
 15762 | Lair:3   | Killed a death yak
 16037 | Lair:3   | Reached XP level 13. HP: 89/114 MP: 13/13
 16041 | Lair:3   | Reached skill level 15 in Axes
 16224 | Lair:3   | Found the necklace of Bloodlust {*Rage Will++ Int-3 Slay+6}
 16377 | Lair:3   | Found a staircase to the Shoals.
 17310 | Lair:3   | Reached skill level 10 in Shields
 18199 | Lair:4   | Reached skill level 10 in Armour
 18203 | Lair:4   | Reached ***** piety under Trog
 18229 | Lair:4   | HP: 8/174 [komodo dragon (4)]
 18614 | Lair:4   | Found a staircase to the Slime Pits.
 19591 | Lair:5   | Entered Level 5 of the Lair of Beasts
 19631 | Lair:5   | Reached skill level 16 in Axes
 20571 | Lair:5   | Reached XP level 14. HP: 118/124 MP: 14/14
 21580 | Lair:5   | Reached skill level 17 in Axes
 22440 | Orc:1    | Entered Level 1 of the Orcish Mines
 22762 | Orc:1    | Found Zopnoshre's Distillery.
 22895 | Orc:1    | Found a transporter.
 22959 | Orc:1    | Found an ornate altar of the Wu Jian Council.
 22960 | Orc:1    | Found a transporter.
 22969 | Orc:1    | Found a transporter.
 22992 | Orc:1    | Found a transporter.
 22993 | Orc:1    | Found an ornate altar of the Wu Jian Council.
 22993 | Orc:1    | Noticed an orc warlord
 23026 | Orc:2    | Entered Level 2 of the Orcish Mines
 23026 | Orc:2    | Noticed Rupert
 23039 | Orc:1    | HP: 7/189 [Rupert/+1 great sword of electrocution (16)]
 23041 | Orc:1    | Slain by Rupert

Illustrated notes

Levels and vault maps discovered:
D:1:      eino_arrival_cavern_e, layout_loops_ring, serial_bayou,
          serial_bayou_pond_e, serial_bayou_lagoon_b, serial_bayou_shore_b,
          serial_bayou_lagoon_a, serial_bayou_pond_d, serial_bayou_pond_e,
          hellmonk_ecumenical_altar_lost_god
D:2:      layout_loops_ring, uniq_crazy_yiuf_cottage, uniq_jessica
D:3:      layout_basic, chequers_arboretum
D:4:      layout_loops_cross, eat_drink_and_be_merry_uskayaw,
          nicolae_kite_square_tiling_tiny
D:5:      layout_gridville, xom_butterflies, overflow_temple_1_default,
          mainiacjoe_overflow_catwalk, overflow_temple_1_default,
          dk_yredelemnul_ordeal, minmay_temple_entry_steel_oval,
          minmay_misc_feat_tiny
D:6:      layout_loops_ring, minmay_checkerbox
D:7:      layout_rooms, okawaru_humans, enter_bailey_2, minmay_joined_circles,
          uniq_duvessa
D:8:      layout_gridville, chequers_serial_rivers_small_a,
          minmay_guarded_unrand_variability, uniq_erica
D:9:      layout_loops_corners, bloody_makhleb,
          worldfamousw_hep_ancestral_shrine
D:10:     nicolae_cairo_tiling, layout_basic, grunt_ministairs_4
D:11:     layout_roguey, erik_lair_island, orc_david_3
Temple:   cyrus_circular_temple
Lair:1:   layout_loops_ring
Lair:2:   layout_roguey, spider_nest_entry_rubble, lemuel_fruit_tree
Lair:3:   layout_cave_shapes, elwin_shoals_entry_rooms,
          nicolae_lair_liquid_snakes
Lair:4:   layout_regular_city, dpeg_slime_entry_corner, serial_bayou_crossing,
          serial_bayou_shore_a
Lair:5:   hangedman_lair_tendril_chambers, layout_gridlike,
          guppyfry_lair_end_dragon
Orc:1:    dreamdust_wu_jian_sword_trials, layout_caves, serial_shops,
          nicolae_shop_statue_plus
Orc:2:    kennysheep_orc_mage_school, layout_caves, uniq_saint_roka, uniq_rupert

Skill      XL: |  1  2  3  4  5  6  7  8  9 10 11 12 13 14 |
---------------+-------------------------------------------+-----
Axes           | 3 4 5 6 8 10 11 13 14 16 17 | 17.4
Evocations     | 1 2 3 5 6 7 8 9 |  9.7
Fighting       | 4 5 6 7 8 9 10 11 12 | 12.2
Throwing       | 1 2 3 4 5 6 7 8 |  8.9
Shields        | 4 5 6 7 8 9 10 11 | 11.1
Armour         | 4 5 6 7 8 9 10 11 | 11.1

Action                   |  1- 3 |  4- 6 |  7- 9 | 10-12 | 13-15 || total
-------------------------+-------+-------+-------+-------+-------++-------
Melee: War axe           |   106 |   121 |   292 |   558 |   564 ||  1641
       Morningstar       |       |       |       |    43 |    17 ||    60
Throw: Dart              |    11 |     3 |     2 |     4 |       ||    20
       Boomerang         |       |     7 |    11 |    67 |    54 ||   139
Invok: Berserk           |       |       |     3 |     6 |     3 ||    12
       Trog's Hand       |       |       |       |     2 |     5 ||     7
Evoke: Wand              |       |       |     4 |    19 |    25 ||    48
       Lightning rod     |       |       |       |     3 |     4 ||     7
       Phial of floods   |       |       |       |       |     1 ||     1
  Use: Scroll            |     2 |     4 |     8 |     8 |     4 ||    26
       Potion            |       |     1 |     5 |     2 |     4 ||    12
 Stab: Paralysed         |       |       |     2 |    18 |    18 ||    38
       Invisible         |       |       |       |       |     2 ||     2
       Distracted        |       |       |       |       |     1 ||     1
Armor: Scale mail        |    57 |    10 |       |       |       ||    67
       Plate armour      |       |    31 |   120 |    64 |       ||   215
       Chain mail        |       |       |       |   200 |   222 ||   422
Dodge: Dodged            |    43 |    22 |    39 |    93 |    87 ||   284
Block: Buckler           |    48 |       |       |       |       ||    48
       Reflection        |     2 |       |       |    15 |     5 ||    22
       Kite shield       |       |    90 |   196 |   169 |       ||   455
       Tower shield      |       |       |       |   429 |   605 ||  1034
